 Dungeon Crawl Stone Soup version 0.30-a0-808-g6e0788376e (webtiles) character file.

Game seed: 4863603342111837303

11021 NinjaNoafa the Arsonist (level 11, -11/75 HPs)
             Began as an Octopode Fire Elementalist on Feb 25, 2023.
             Was an Elder of Vehumet.
             Killed by an exploding fulminant prism (27 damage)
             ... on level 1 of the Lair of Beasts.
             The game lasted 01:22:21 (9463 turns).

NinjaNoafa the Arsonist (OpFE)                      Turns: 9463, Time: 01:22:22

Health: -11/75     AC:  1    Str:  7    XL:     11   Next: 71%
Magic:  0/32       EV: 15    Int: 28    God:    Vehumet [****..]
Gold:   1002       SH:  0    Dex: 13    Spells: 0/26 levels left

rFire   . . .      SeeInvis .    (no weapon)
rCold   . . .      Faith    .    (no shield)
rNeg    . . .      Spirit   +    (helmet restricted)
rPois   .          Reflect  .    h - amulet of guardian spirit
rElec   .          Harm     .    C - ring of magical power
rCorr   .          Rampage  .    k - +6 ring of intelligence
Will    .....                    (no ring)
Stlth   ++++                     (no ring)
HPRegen 0.32/turn                (no ring)
MPRegen 0.23/turn                (no ring)
                                 (no ring)
                                 (no ring)

@: studying 2 skills
A: almost no armour, amphibious, 8 rings, camouflage 1, gelatinous body 1,
(nimble swimmer 1), tentacles
a: Renounce Religion


You were on level 1 of the Lair of Beasts.
You worshipped Vehumet.
Vehumet was greatly pleased with you.
You visited 3 branches of the dungeon, and saw 13 of its levels.
You also visited: Bailey.

You collected 1002 gold pieces.

Inventory:

Hand Weapons
 l - the +5 mace "Neesi" {heavy, rC+, if you're seeing this, brb}
   (You found it on level 2 of the Dungeon)

   rC:        It protects you from cold.
 G - the +10 great sword of the Shrinking Pariah {flame, *Slow +Blink rElec Dex+3}
   (You found it on level 10 of the Dungeon)

   Dex:       It affects your dexterity (+3).
   rElec:     It insulates you from electricity.
   +Blink:    It lets you blink.
   *Slow:     It may slow you when you take damage.
Missiles
 q - 16 boomerangs (quivered)
 t - 12 poisoned darts
 A - a curare-tipped dart
 D - 7 throwing nets
 E - 2 boomerangs of dispersal
Jewellery
 h - an amulet of guardian spirit (around mantle)
 k - a +6 ring of intelligence (right tentacle)
 C - a ring of magical power (left tentacle)
Wands
 n - a wand of charming (26)
 s - a wand of roots (16)
 u - a wand of flame (19)
 y - a wand of mindburst (10)
Scrolls
 c - a scroll of immolation
 d - a scroll of fog
 e - 3 scrolls of fear
 i - 3 scrolls of teleportation {unknown}
 o - 3 scrolls of enchant weapon
 p - a scroll of magic mapping {unknown}
 w - a scroll of poison {unknown}
 x - 2 scrolls of blinking {unknown}
 B - a scroll of torment {unknown}
Potions
 b - a potion of haste
 f - 2 potions of mutation
 g - 3 potions of attraction
 j - 6 potions of curing
 m - 2 potions of resistance
 r - a potion of flight
 v - a potion of lignification
 z - 2 potions of degeneration
 F - a potion of cancellation {unknown}
Miscellaneous
 a - a phantom mirror


   Skills:
 - Level 7.0 Fighting
 - Level 6.0 Dodging
 - Level 6.0 Stealth
 - Level 8.1 Spellcasting
 - Level 6.0 Conjurations
 - Level 4.5 Hexes
 + Level 2.5 Translocations
 - Level 5.0 Transmutations
 - Level 9.1 Fire Magic
 + Level 3.3 Air Magic
 + Level 1.8 Earth Magic
 - Level 5.0 Evocations


You couldn't memorise any spells.
You knew the following spells:

 Your Spells              Type           Power      Damage    Failure   Level
a - Irradiate             Conj/Tmut      21%        3d18      4%          5
b - Scorch                Fire           100%       2d10      1%          2
c - Inner Flame           Hex/Fire       49%        N/A       1%          3
d - Flame Wave            Conj/Fire      52%        2d13      1%          4
e - Swiftness             Air            30%        N/A       3%          3
f - Kindle Blastsparks    Fire/Tloc/Air  78%        2d16      1%          3
g - Fulminant Prism       Conj/Hex       20%        3d12      1%          4
h - Passwall              Tmut/Erth      25%        N/A       1%          2

Your spell library contained the following spells:

 Spells                   Type           Power      Damage    Failure   Level
 Foxfire                  Conj/Fire      100%       2x1d9     1%          1
 Stone Arrow              Conj/Erth      66%        3d11      1%          3
 Lesser Beckoning         Tloc           50%        N/A       2%          2
 Ensorcelled Hibernation  Hex/Ice        48%        N/A       3%          2
 Frozen Ramparts          Ice            22%        1d4       4%          3
 Gell's Gravitas          Tloc           25%        N/A       4%          3
 Teleport Other           Tloc           25%        N/A       4%          3
 Ice Form                 Ice/Tmut       25%        N/A       17%         4
 Anguish                  Hex/Necr       12%        N/A       19%         4
 Summon Ice Beast         Ice/Summ       11%        N/A       43%         4
 Enfeeble                 Hex            18%        N/A       100%        7
 Lehudib's Crystal Spear  Conj/Erth      16%        10d5      100%        8
 Animate Armour           Summ/Erth      Unusable   N/A       N/A         4

Dungeon Overview and Level Annotations

Branches:
Dungeon (11/15)            Temple (1/1) D:6            Lair (1/5) D:9
    Orc (0/2) D:10         Bailey (visited)

Altars:
Elyvilon
Fedhas
Gozag
Hepliaklqana
Kikubaaqudgha
Nemelex Xobeh
Okawaru
Ru
Trog
Vehumet
Wu Jian
Yredelemnul
Zin
The Shining One

Shops:
D:8 ([


Innate Abilities, Weirdness & Mutations

You cannot wear most types of armour.
You are amphibious.
You can wear up to eight rings at the same time.
Your skin changes colour to match your surroundings (Stealth+).
Your rubbery body absorbs attacks. (AC +1, EV +1)
((You are camouflaged when in or above water. (Stealth+)))
You have tentacles for arms and can constrict up to eight enemies at once.


Message History

Flame seeps out of the blink frog.
You hear an angry hiss. x2; You hear a bellow!
You hear an angry hiss.
The blink frog blinks!
The blink frog is engulfed in blazing flames.
Vehumet accepts your kill.
You feel your power returning.
The blink frog explodes!
The fiery explosion engulfs the komodo dragon!!
The komodo dragon is almost dead.
The komodo dragon is engulfed in blazing flames.
You kill the komodo dragon!
Vehumet accepts your kill.
You feel your power returning.
Training target 6.0 for Conjurations reached!
Training target 5.0 for Transmutations reached!
Your Conjurations skill increases to level 6!
Your Transmutations skill increases to level 5!
You need to enable at least one skill for training.
Casting: Flame Wave (mildly dangerous; 1% risk of failure)
Confirm with . or Enter, or press ? or * to list all spells.
Aiming: Fulminant Prism (dangerous; 1% risk of failure)
Press: ? - help, Dir - move target You conjure a prism of explosive energy!
A fulminant prism comes into view.
The blink frog hits you!
The blink frog blinks!
Casting: Fulminant Prism (dangerous; 1% risk of failure)
Confirm with . or Enter, or press ? or * to list all spells.
Aiming: Passwall (safe; 1% risk of failure)
Press: ? - help, Dir - move target A rock wall.
The blink frog hits you!
* * * LOW HITPOINT WARNING * * *
The blink frog hits you!
* * * LOW HITPOINT WARNING * * *
Your fulminant prism crackles loudly.
You begin to meditate on the wall.
You continue meditating on the rock.
The blink frog completely misses you.
Your fulminant prism explodes!
The blast of energy engulfs you!!
You die...

.......#.......#
#.....#.......#
#.....#.......# .
#.....###.#####.
..#................
.....§§...........
....§.............
.###§§§.####+##...
#@F....# ..
##....## . #$...#
#....# #.....#
##....# #....#
...... .#....##


You could see a blink frog.

Vanquished Creatures
  2 two-headed ogres
  A boulder beetle (D:10)
  A black mamba (Lair:1)
  A komodo dragon (Lair:1)
  2 trolls (D:10)
  2 blink frogs (Lair:1)
  14 yaks
  A steam dragon (D:8)
  A warg (D:10)
  3 water moccasins
  4 ogres
  2 sky beasts
  A black bear (D:5)
  An ice beast (D:8)
  4 orc warriors
  6 wolves (Bailey)
  4 centaurs
  2 phantoms
  4 bullfrogs
  A kobold brigand (D:8)
  9 gnoll sergeants (Bailey)
  A necrophage (D:7)
  4 scorpions
  8 wights (D:6)
  7 killer bees (D:9)
  11 orc priests
  5 hounds
  5 gnoll boudas (Bailey)
  An iguana (D:5)
  15 orc wizards
  15 gnolls (Bailey)
  6 adders
  2 shadow imps (D:7)
  A white imp (D:6)
  2 ufetubi (D:6)
  A worm (D:2)
  67 orcs
  5 endoplasms
  7 giant cockroaches
  19 goblins
  5 hobgoblins
  4 jackals (D:1)
  7 kobolds
  2 quokkas (D:2)
  10 ball pythons
  5 bats
  4 frilled lizards
  2 rats (D:1)
  A fulminant prism (D:10)
288 creatures vanquished.

Vanquished Creatures (others)
  409 foxfires
  23 fulminant prisms
  3 fungi (Lair:1)
  4 plants (Lair:1)
439 creatures vanquished.

Grand Total: 727 creatures vanquished

Notes
Turn   | Place    | Note
-------+----------+-------------------------------------------
     0 | D:1      | NinjaNoafa the Octopode Fire Elementalist began the quest
                  | for the Orb.
     0 | D:1      | Reached XP level 1. HP: 11/11 MP: 3/3
   115 | D:1      | Reached XP level 2. HP: 14/17 MP: 0/5
   404 | D:1      | Reached XP level 3. HP: 15/21 MP: 0/6
   726 | D:2      | Found a bloodstained altar of Trog.
   747 | D:2      | Identified the +5 mace "Neesi" {heavy, rC+}
   804 | D:2      | Learned a level 2 spell: Scorch
  1025 | D:3      | Found an ornate altar of the Wu Jian Council.
  1060 | D:3      | Reached XP level 4. HP: 17/27 MP: 1/7
  1451 | D:4      | Reached skill level 4 in Fire Magic
  1453 | D:4      | Reached XP level 5. HP: 31/31 MP: 1/9
  1513 | D:4      | Found a radiant altar of Vehumet.
  1628 | D:4      | Became a worshipper of Vehumet
  1702 | D:4      | Noticed a centaur
  1721 | D:4      | Killed a centaur
  1722 | D:4      | Reached skill level 5 in Fire Magic
  1850 | D:4      | Noticed an ogre
  1854 | D:4      | Killed an ogre
  1855 | D:4      | Reached XP level 6. HP: 36/36 MP: 4/11
  1939 | D:5      | Entered Level 5 of the Dungeon
  1939 | D:5      | Found a basalt altar of Yredelemnul.
  1949 | D:5      | Reached skill level 6 in Fire Magic
  2043 | D:5      | Found a glowing golden altar of the Shining One.
  2107 | D:5      | Reached XP level 7. HP: 41/41 MP: 2/13
  2212 | D:5      | Reached skill level 1 in Hexes
  2221 | D:5      | Learned a level 3 spell: Inner Flame
  3124 | D:6      | Reached * piety under Vehumet
  3124 | D:6      | Offered knowledge of Kiss of Death by Vehumet.
  3125 | D:6      | Reached XP level 8. HP: 45/46 MP: 8/15
  3126 | D:6      | Found a sparkling altar of Nemelex Xobeh.
  3183 | D:6      | Reached skill level 5 in Spellcasting
  3186 | D:6      | Reached skill level 7 in Fire Magic
  3272 | D:6      | Found a staircase to the Ecumenical Temple.
  3278 | Temple   | Entered the Ecumenical Temple
  3347 | D:6      | Upgraded the game from 0.30-a0-802-gb92711bcdf to
                  | 0.30-a0-808-g6e0788376e
  3494 | D:6      | Reached skill level 8 in Fire Magic
  3504 | D:6      | Reached XP level 9. HP: 35/51 MP: 2/19
  3574 | D:6      | Found an iron altar of Okawaru.
  3829 | D:7      | Identified the +0 leather armour of the Hurricane {rElec
                  | rF+ Str+8 Dex-5}
  3855 | D:7      | Found a hazy altar of Hepliaklqana.
  4216 | D:7      | Learned a level 4 spell: Flame Wave
  4220 | D:7      | Learned a level 3 spell: Kindle Blastsparks
  4224 | D:7      | Found a white marble altar of Elyvilon.
  4304 | D:7      | Found a glowing silver altar of Zin.
  4736 | D:8      | Offered knowledge of Searing Ray by Vehumet.
  4739 | D:8      | Reached skill level 1 in Evocations
  4745 | D:8      | Reached ** piety under Vehumet
  4746 | D:8      | Reached skill level 1 in Fighting
  4983 | D:8      | Reached skill level 9 in Fire Magic
  5094 | D:8      | Found a sacrificial altar of Ru.
  5215 | D:8      | Reached skill level 5 in Stealth
  5244 | D:8      | Reached skill level 1 in Air Magic
  5285 | D:8      | Noticed a two-headed ogre
  5302 | D:8      | Killed a two-headed ogre
  5303 | D:8      | Reached XP level 10. HP: 62/63 MP: 1/22
  5344 | D:8      | Found Mavoew's Specialty Armours.
  5403 | D:8      | Learned a level 3 spell: Swiftness
  5483 | D:8      | Found an opulent altar of Gozag.
  5595 | D:8      | Found Veasm's Antique Weapon Emporium.
  5733 | D:9      | Found a staircase to the Lair.
  5893 | D:9      | Offered knowledge of Momentum Strike by Vehumet.
  5896 | D:9      | Reached skill level 5 in Dodging
  6149 | D:9      | Found a flagged portal.
  6160 | Bailey   | Entered a bailey
  6247 | Bailey   | Reached *** piety under Vehumet
  6448 | Bailey   | Reached skill level 5 in Fighting
  6460 | Bailey   | Identified the +3 chain mail of Xuirimia {rCorr Dex+3 SInv}
  6573 | Bailey   | Offered knowledge of Fulminant Prism by Vehumet.
  6693 | Bailey   | Learned a level 4 spell: Fulminant Prism
  6696 | Bailey   | Learned a level 2 spell: Passwall
  6739 | Bailey   | Reached skill level 5 in Evocations
  6900 | Bailey   | Reached XP level 11. HP: 39/72 MP: 5/23
  7049 | Bailey   | Reached skill level 1 in Translocations
  7809 | D:9      | Found a bloodstained altar of Trog.
  7930 | D:9      | Reached **** piety under Vehumet
  8115 | D:10     | Entered Level 10 of the Dungeon
  8153 | D:10     | Noticed a boulder beetle
  8172 | D:10     | Killed a boulder beetle
  8173 | D:10     | Reached skill level 1 in Earth Magic
  8288 | D:10     | Found an ancient bone altar of Kikubaaqudgha.
  8329 | D:10     | Identified the +10 great sword of the Shrinking Pariah
                  | {flame, *Slow +Blink rElec Dex+3}
  8382 | D:10     | Noticed a two-headed ogre
  8390 | D:10     | Killed a two-headed ogre
  8482 | D:10     | Offered knowledge of Irradiate by Vehumet.
  8582 | D:10     | Found a blossoming altar of Fedhas.
  8604 | D:10     | Learned a level 5 spell: Irradiate
  8640 | D:10     | Reached skill level 5 in Conjurations
  9012 | D:10     | Found a staircase to the Orcish Mines.
  9195 | Lair:1   | Entered Level 1 of the Lair of Beasts
  9461 | Lair:1   | Reached skill level 5 in Transmutations
  9463 | Lair:1   | Killed by an exploding fulminant prism

Illustrated notes

Levels and vault maps discovered:
D:1:      lemuel_arrival_broad_hall, layout_basic
D:2:      layout_basic, basic_altar
D:3:      layout_rooms, lemuel_crystal_altar, minmay_misc_feat_secret_circle,
          minmay_misc_feat_hallway
D:4:      layout_rooms, vehumet_altar_wand_db
D:5:      layout_basic, mainiacjoe_overflow_chevrons, amcnicky_altar_gilded,
          hangedman_decor_opposing
D:6:      layout_basic, hellmonk_okawaru_the_only_friend_you_need,
          mainiacjoe_overflow_cross_hatched, minmay_temple_entry_fiery,
          minmay_misc_feat_nine_boxes, due_unseen_surprise
D:7:      layout_basic, nzn_hepliaklqana_mist_gate, lemuel_round_altar,
          zin_statuary, dk_vineyard_3
D:8:      layout_rooms, lemuel_doored_altar,
          mainiacjoe_overflow_six_doors_small, serial_shops, kennysheep_mini,
          special_room [special_room_orc], nicolae_barding_shop
D:9:      layout_loops_corners, trog_hazing_becter, lair_entry_dummy,
          enter_bailey_7
D:10:     layout_loops_ring, mainiacjoe_overflow_catwalk,
          mainiacjoe_overflow_tiny_flanked, erik_orc_4, nzn_sisyphean_effort
D:11:     layout_grid_maze, nicolae_yredelemnul_corpse_copse
Temple:   nicolae_temple_godpark
Lair:1:   beast_lair_carwin_large_1, layout_regular_city

Skill      XL: |  1  2  3  4  5  6  7  8  9 10 11 |
---------------+----------------------------------+-----
Stealth        | 3 4 6 |  6.0
Spellcasting   | 3 4 7 8 |  8.1
Fire Magic     | 4 5 6 8 9 |  9.1
Conjurations   | 2 3 4 6 |  6.0
Hexes          | 4 |  4.5
Evocations     | 2 5 |  5.0
Fighting       | 3 5 7 |  7.0
Dodging        | 3 6 |  6.0
Air Magic      | 2 3 |  3.3
Translocations | 2 |  2.5
Transmutations | 5 |  5.0
Earth Magic    | 1 |  1.8

Action                     |  1- 3 |  4- 6 |  7- 9 | 10-12 || total
---------------------------+-------+-------+-------+-------++-------
  Melee: Unarmed           |    39 |     3 |     5 |    15 ||    62
         Constrict         |    12 |     1 |     4 |     5 ||    22
         Tentacles         |     7 |       |     2 |     5 ||    14
         Mace              |       |       |     4 |       ||     4
  Throw: Boomerang         |       |       |     1 |     1 ||     2
   Cast: Foxfire           |    65 |    49 |    83 |    65 ||   262
         Scorch            |     1 |    11 |    41 |    61 ||   114
         Inner Flame       |       |       |    27 |    55 ||    82
         Flame Wave        |       |       |     7 |    10 ||    17
         Kindle Blastspark |       |       |     6 |    23 ||    29
         Fulminant Prism   |       |       |       |    24 ||    24
         Swiftness         |       |       |       |    11 ||    11
         Passwall          |       |       |       |    10 ||    10
         Irradiate         |       |       |       |     4 ||     4
  Evoke: Wand              |       |       |     1 |     2 ||     3
    Use: Potion            |     1 |     1 |     1 |     1 ||     4
         Scroll            |       |     8 |     2 |     7 ||    17
   Stab: Sleeping          |     1 |       |       |       ||     1
 Armour: Skin              |     6 |     2 |     2 |     1 ||    11
  Dodge: Dodged            |    57 |    22 |    52 |    78 ||   209

Table legend: (Time is in decaauts)
 A = Elapsed time spent in this place.
 B = Non-inter-level travel time spent in this place.
 C = Inter-level travel time spent in this place.
 D = Time resting spent in this place.
 E = Time spent auto-exploring this place.
 F = Levels seen in this place.
 G = Mean time per level.
                   A        B        C        D        E       F      G
               +--------+--------+--------+--------+--------+-----+--------+
         Total |   9483 |   8082 |   1401 |    647 |   1461 |  14 |  677.4 |
       Dungeon |   8016 |   6617 |   1399 |    459 |   1319 |  11 |  728.7 |
        Temple |      1 |      0 |      1 |      0 |      0 |   1 |    1.0 |
          Lair |    268 |    268 |      0 |      4 |     69 |   1 |  268.0 |
        Bailey |   1196 |   1196 |      0 |    184 |     73 |   1 | 1196.0 |
               +--------+--------+--------+--------+--------+-----+--------+

Top non-repeatable levels by time:
     D:9: 1280 daAuts
  Bailey: 1196 daAuts
     D:5: 1101 daAuts
     D:7: 1075 daAuts
    D:10: 989 daAuts
     D:8: 842 daAuts
     D:6: 755 daAuts
     D:1: 590 daAuts
     D:4: 563 daAuts
     D:2: 428 daAuts
     D:3: 388 daAuts
  Lair:1: 268 daAuts
  Temple: 1 daAuts
    D:11: 1 daAuts
